Map: Wildwuchs LE (Void)

Players

Superdry

  • Race: Terran Terran
  • League: Gold
  • Spawn Location: 7:00

Karnigel - Winner!

  • Race: Zerg Zerg
  • League: Silver
  • Spawn Location: 1:00

VOD

Have the link to the VOD?

Description

Time

  • Played on: Jan. 10, 2017, 3:18 p.m.
  • Length: 15:56
Show
View Real Time Build Order
Export as new Build Order

Superdry Terran 

Build Orders: Reaper Expand 

Get SALT Encoding   

  12  0:01  SCV  
  13  0:14  SCV  
  14  0:19  Supply Depot  
  14  0:26  SCV  
  15  0:41  SCV  
  16  0:43  Barracks  
  16  0:47  Refinery  
  16  0:53  SCV  
  17  1:05  SCV  
  18  1:17  SCV  
  19  1:30  Orbital Command  
  19  1:32  Reaper  
  20  1:45  Command Center  
  20  1:57  Barracks  
  20  2:08  SCV  
  21  2:09  Supply Depot  
  21  2:16  Marine  
  21  2:23  SCV  
  22  2:38  Marine  
  22  2:41  SCV  
  22  2:42  Factory  
  24  2:49  Marine  
  25  2:57  Orbital Command  
  25  2:58  SCV  
  25  3:03  Refinery  
  26  3:07  Barracks Tech Lab  
  26  3:12  SCV  
  27  3:14  Marine  
  28  3:27  Factory Reactor  
  28  3:28  Starport  
  28  3:29  SCV x2  
  28  3:31  Marine  
  31  3:39  Marine  
  32  3:42  SCV  
  32  3:43  Refinery, SCV  
  32  3:46  Stimpack  
  34  3:49  Marine  
  35  3:57  Marine  
  35  3:58  SCV  
  35  4:00  Engineering Bay  
  35  4:01  SCV  
  38  4:09  Supply Depot, Marine  
  39  4:11  SCV  
  40  4:29  SCV  
  40  4:30  SCV  
  42  4:37  Medivac x2  
  46  4:44  Factory Tech Lab  
  46  4:47  SCV x2  
  46  4:51  Missile Turret, Refinery, Marine x2  
  50  5:03  Siege Tank  
  53  5:08  Marine  
  53  5:09  Barracks  
  54  5:21  Missile Turret  
  54  5:50  SCV x2, Marine x2  
  54  5:55  Supply Depot x2  
  58  6:02  SCV x2  
  60  6:05  Armory, Terran Infantry Armor Level 1  
  56  6:42  Marauder, Marine x2  
  56  6:43  Siege Tank  
  56  6:45  Medivac  
  65  6:55  SCV  
  65  7:01  Terran Vehicle Weapons Level 1, Factory  
  66  7:03  Marauder  
  68  7:16  Siege Tank  
  70  7:22  Marine  
  70  7:23  Marine  
  70  7:24  Marauder  
  74  7:46  Marauder  
  74  7:47  Marine x2  
  74  7:48  Liberator x2  
  74  7:49  Siege Tank  
  76  7:55  Orbital Command  
  55  8:05  Marine x2  
  63  8:07  Marauder  
  65  8:22  Marine x2, SCV x2  
  69  8:29  Marauder  
  69  8:32  Siege Tank  
  74  8:40  Marine x2  
  76  8:50  Marauder  
  76  8:58  Marine x2  
  78  9:03  Factory Reactor  
  78  9:06  Factory Tech Lab  
  78  9:16  Refinery  
  78  9:25  Marine  
  78  9:26  SCV  
  78  9:27  Marine  
  78  9:28  SCV  
  77  9:32  Marauder  
  77  9:35  Command Center  
  76  9:40  SCV  
  76  9:43  Marine  
  76  9:45  Marine  
  67  10:07  Supply Depot  
  67  10:09  Command Center  
  67  10:29  Marauder, Marine x2  
  71  10:47  Supply Depot, SCV, Siege Tank x2, Marine x2  
  80  10:51  Marauder  
  80  10:54  Supply Depot  
  80  10:55  SCV  
  80  10:56  Supply Depot  
  83  10:59  SCV  
  84  11:05  Marine x2  
  84  11:08  SCV  
  87  11:12  Marauder  
  81  11:22  Marine x2  
  69  11:33  Marauder  
  68  11:40  Marine x2  
  66  11:55  Marauder  
  66  11:57  Siege Tank  
  66  11:58  Marine x2  
  66  11:59  Siege Tank  
  76  12:06  SCV x2  
  78  12:11  Refinery  
  78  12:14  Refinery  
  78  12:16  Marauder, Marine x2  
  78  12:18  Liberator  
  62  12:37  Marauder, Marine x2  
  57  12:53  Missile Turret  
  57  12:55  Marine  
  59  12:59  Marauder  
  59  13:04  Terran Infantry Weapons Level 1  
  60  13:07  Barracks Reactor  
  60  13:12  Marine  
  60  13:14  Siege Tank, Missile Turret  
  60  13:15  Missile Turret  
  64  13:20  Marine  
  65  13:30  Marine  
  65  13:32  Missile Turret  
  65  13:34  Missile Turret  
  64  13:37  Marine  
  65  13:45  Missile Turret  
  65  13:47  Refinery  
  65  13:48  Marine, SCV x2  
  68  13:55  Marine  
  69  14:03  Marine x2  
  69  14:05  Missile Turret  
  69  14:06  Missile Turret  
  69  14:08  Liberator, Missile Turret  
  65  14:35  SCV  
  65  14:47  SCV  
  66  15:02  Missile Turret  
  66  15:04  Medivac  
  62  15:19  Medivac  
  62  15:20  Marine  
Show
View Real Time Build Order
Export as new Build Order

Karnigel Zerg - Winner!

Build Orders: Pool First 

Get SALT Encoding   

  12  0:03  Drone  
  13  0:12  Drone  
  14  0:17  Overlord  
  14  0:36  Spawning Pool  
  14  0:37  Drone  
  14  0:42  Drone  
  15  0:45  Drone  
  15  0:49  Drone  
  17  1:02  Drone  
  18  1:17  Hatchery  
  17  1:19  Drone  
  18  1:28  Queen  
  18  1:32  Zergling x2  
  21  1:46  Overlord  
  21  1:49  Overlord  
  21  1:58  Drone  
  22  2:05  Evolution Chamber  
  21  2:09  Queen  
  23  2:28  Drone x3  
  26  2:30  Queen  
  26  2:31  Overlord  
  27  2:44  Drone  
  27  2:45  Drone x2, Extractor  
  27  2:46  Drone  
  30  2:55  Drone x2  
  32  3:05  Queen  
  32  3:08  Drone x2  
  36  3:24  Drone  
  36  3:25  Drone x2  
  36  3:26  Drone x4  
  43  3:30  Spine Crawler  
  42  3:43  Spore Crawler  
  42  3:45  Drone  
  42  3:46  Spore Crawler  
  42  3:47  Drone  
  42  3:52  Drone x2, Extractor  
  42  3:53  Drone  
  42  3:54  Extractor  
  42  3:55  Drone x4  
  47  4:08  Lair  
  47  4:11  Drone x3, Extractor  
  47  4:14  Drone  
  50  4:27  Zergling x2  
  50  4:29  Overlord x6  
  50  4:30  Overlord  
  51  4:44  Roach Warren  
  50  4:56  Drone x4  
  54  5:03  Zerg Missile Weapons Level 1  
  54  5:13  Zergling x4  
  56  5:33  Roach x9  
  74  5:39  Hatchery  
  73  5:53  Roach  
  73  5:54  Roach x2  
  79  6:07  Glial Reconstitution  
  75  6:31  Roach  
  75  6:32  Roach x12  
  99  6:57  Zerg Ground Armor Level 1  
  99  6:58  Roach x7  
  113  7:03  Overlord  
  113  7:16  Queen  
  113  7:20  Queen  
  117  7:35  Roach x3  
  122  7:37  Overlord x3  
  122  7:38  Overlord  
  122  7:47  Hatchery  
  113  7:52  Queen  
  113  7:56  Queen  
  97  8:18  Roach x8  
  97  8:19  Roach x3  
  115  8:27  Queen  
  117  8:40  Hatchery  
  114  9:00  Roach  
  114  9:01  Roach x12  
  140  9:06  Queen x2  
  140  9:07  Queen  
  146  9:16  Drone x3  
  149  9:25  Drone x3  
  124  9:42  Queen  
  124  9:44  Spire  
  95  10:07  Drone x4  
  95  10:08  Drone  
  95  10:11  Extractor x2  
  98  10:16  Spore Crawler  
  97  10:23  Zerg Ground Armor Level 2  
  97  10:31  Roach  
  97  10:32  Roach x16  
  129  10:47  Queen  
  131  10:56  Roach x7  
  145  11:06  Drone x3  
  145  11:08  Drone x3  
  127  11:22  Mutalisk  
  127  11:23  Mutalisk x5  
  103  11:38  Roach  
  103  11:39  Roach x7  
  113  11:55  Mutalisk  
  113  11:56  Mutalisk x5  
  125  12:12  Overlord x2  
  125  12:21  Hatchery  
  100  12:31  Mutalisk  
  100  12:32  Mutalisk x5  
  106  12:47  Zerg Flyer Weapons Level 1  
  106  12:58  Roach x9  
  114  12:59  Roach  
  126  13:10  Extractor x2  
  126  13:11  Drone x6  
  126  13:12  Drone  
  131  13:18  Mutalisk x2  
  135  13:24  Overlord x2  
  135  13:39  Mutalisk x5  
  145  13:59  Overlord  
  141  14:10  Roach  
  141  14:11  Roach x10  
  161  14:25  Drone  
  161  14:26  Drone x3  
  165  14:39  Overlord  
  165  14:46  Mutalisk x5  
  165  14:47  Mutalisk x4  
  183  15:02  Roach x8  
  197  15:16  Roach  
  199  15:28  Nydus Network  
Tags
 
Add a new tag
Caveats
  • Supply blocks, unpowered buildings, or Contaminate may cause inaccurate times.
  • Supply counts are checked every 10 seconds.